 Dungeon Crawl Stone Soup version 0.20.0-10-g0535bb4 (webtiles) character file.

123 kuniqs the Skirmisher (level 5, -2/33 HPs)
             Began as a Gargoyle Fighter on June 8, 2017.
             Slain by an ogre
             ... wielding a +0 giant spiked club
              (17 damage)
             ... on level 4 of the Dungeon.
             The game lasted 00:02:52 (2016 turns).

kuniqs the Skirmisher (Gargoyle Fighter)            Turns: 2016, Time: 00:02:53

Health: -2/33      AC: 15    Str: 21    XL:     5   Next: 7%
Magic:  5/5        EV:  6    Int:  8    God:
Gold:   134        SH:  9    Dex:  9    Spells: 4/4 levels left

rFire    . . .     SeeInvis .   a - +0 flail
rCold    . . .     Gourm    .   c - +0 shield
rNeg     + . .     Faith    .   t - +0 chain mail
rPois    ∞         Spirit   .   i - +0 helmet
rElec    +         Reflect  .   (no cloak)
rCorr    .         Harm     .   n - +0 pair of gloves
MR       .....                  (no boots)
Stlth    ..........             (no amulet)
Regen    0.2/turn               (no ring)
MPRegen  0.1/turn               (no ring)

@: no status effects
A: negative energy resistance 1, electricity resistance, unbreathing,
petrification resistance, rot immunity, AC +4
a: no special abilities


You were on level 4 of the Dungeon.
You were not hungry.

You visited 1 branch of the dungeon, and saw 4 of its levels.

You collected 134 gold pieces.

Inventory:

Hand Weapons
 a - a +0 flail (weapon)
Armour
 c - a +0 shield (worn)
 i - a +0 helmet (worn)
 n - a +0 pair of gloves (worn)
 t - a +0 chain mail (worn)
Scrolls
 g - a scroll of fog {unknown}
 k - 2 scrolls of immolation {unknown}
 l - 2 scrolls of identify {unknown}
 o - 2 scrolls of amnesia {unknown}
 q - a scroll of magic mapping {unknown}
 r - 2 scrolls of remove curse {unknown}
 v - 2 scrolls of enchant armour {unknown}
 w - a scroll of recharging {unknown}
 x - a scroll of teleportation {unknown}
Potions
 b - a potion of ambrosia {unknown}
 h - a potion of invisibility {unknown}
 j - 2 potions of might
 m - 2 potions of degeneration {unknown}
 s - a potion of brilliance {unknown}
 z - a potion of heal wounds {unknown}
 A - a potion of lignification {unknown}
Comestibles
 d - 6 bread rations
 e - 2 meat rations
 f - a fruit
 p - 6 chunks of flesh
 u - a royal jelly


   Skills:
 + Level 4.1 Fighting
 + Level 2.9 Maces & Flails
 + Level 4.0 Armour
 + Level 1.4 Dodging
 + Level 3.8 Shields


You had 4 spell levels left.
You didn't know any spells.

Dungeon Overview and Level Annotations

Branches:
Dungeon (4/15)
 Temple: D:4-7

Altars:


Innate Abilities, Weirdness & Mutations

You are resistant to torment.
Your stone body is resilient. (AC +4)
You are immune to poison.
You resist negative energy. (rN+)
You are resistant to electric shocks. (rElec)
You can survive without breathing.
You are immune to petrification.
You are immune to rotting.


Message History

The ogre hits you but does no damage.
You barely miss the ogre.
The ogre is lightly wounded.
The ogre hits you with a giant spiked club.
You hit the ogre but do no damage.
The ogre is lightly wounded.
You hit the ogre but do no damage.
The ogre is lightly wounded.
The ogre hits you with a giant spiked club!
You are too injured to fight recklessly!
You are too injured to fight recklessly!
There is a stone staircase leading up here.
Your shield and chain mail prevent you from hitting the ogre.
The ogre is lightly wounded.
You block the ogre's attack.
You hit the ogre but do no damage.
The ogre is lightly wounded.
The ogre hits you with a giant spiked club!
Ouch! That really hurt!
You die...

... .##..# .#8..8#
##### ...>. . #...#
.(...
.#####.#.##### #8..
#.##...#.....#
##..##.##.###.....#
#...<#.##....#.#..#
#........###..O@..#
####.###.# #......#
#.# #.# #.##...#
#.# #.. #.######
#.# ###.#.# #..
.#.. ..# ..# #.#
#.# ...


You could see an ogre.

Vanquished Creatures
  Robin (D:2)
  5 adders (D:3)
  An ooze (D:1)
  A dart slug (D:1)
  A leopard gecko (D:1)
  An orc (D:3)
  A ball python (D:3)
  9 bats
  9 goblins
  9 hobgoblins
  3 jackals (D:3)
  6 kobolds
  5 frilled lizards
  6 rats
58 creatures vanquished.

Notes
Turn   | Place    | Note
-------+----------+-------------------------------------------
     0 | D:1      | kuniqs the Gargoyle Fighter began the quest for the Orb.
     0 | D:1      | Reached XP level 1. HP: 14/14 MP: 1/1
   137 | D:1      | Reached XP level 2. HP: 15/19 MP: 2/2
   720 | D:2      | Reached XP level 3. HP: 23/23 MP: 3/3
   725 | D:2      | Noticed Robin
   727 | D:2      | Reached skill level 1 in Dodging
   736 | D:2      | Killed Robin
  1314 | D:3      | Reached XP level 4. HP: 27/29 MP: 4/4
  1922 | D:3      | Reached XP level 5. HP: 30/33 MP: 5/5
  1997 | D:4      | Noticed an ogre
  2016 | D:4      | Slain by an ogre

Skill      XL: |  1  2  3  4 |
---------------+-------------+-----
Dodging        | 1 |  1.4
Fighting       | 4 |  4.1
Armour         | 4 |  4.0
Maces & Flails | |  2.9
Shields        | |  3.8

Action                   |  1- 3 |  4- 6 || total
-------------------------+-------+-------++-------
Melee: Flail             |   144 |   119 ||   263
  Eat: Chunk             |     2 |     2 ||     4
Armor: Scale mail        |    46 |       ||    46
       Chain mail        |    47 |    97 ||   144
Dodge: Dodged            |    52 |    57 ||   109
Block: Shield            |    85 |    81 ||   166
